 Dungeon Crawl Stone Soup version 0.22.1-6-g1668fe2 (webtiles) character file.

136 Kairos the Shield-Bearer (level 5, -9/42 HPs)
             Began as a Formicid Fighter on Jan 28, 2019.
             Mangled by Menkaure (11 damage)
             ... on level 4 of the Dungeon.
             The game lasted 00:04:31 (2154 turns).

Kairos the Shield-Bearer (Formicid Fighter)         Turns: 2154, Time: 00:04:32

Health: -9/42      AC:  6    Str: 22    XL:     5   Next: 43%
Magic:  5/5        EV:  8    Int:  7    God:
Gold:   125        SH: 10    Dex: 10    Spells: 4/4 levels left

rFire    . . .     SeeInvis +   a - +0 war axe
rCold    . . .     Gourm    .   c - +0 shield
rNeg     . . .     Faith    .   b - +0 scale mail
rPois    .         Spirit   .   (helmet unavailable)
rElec    .         Reflect  .   (no cloak)
rCorr    .         Harm     .   (no gloves)
MR       .....                  (no boots)
Stlth    ..........             e - amulet of regeneration
HPRegen  0.54/turn              o - ring of wizardry
MPRegen  0.09/turn              (no ring)

@: no status effects
A: permanent stasis, dig shafts and tunnels, four strong arms, antennae 3
a: Dig, Shaft Self


You were on level 4 of the Dungeon.
You were not hungry.

You visited 1 branch of the dungeon, and saw 4 of its levels.

You collected 125 gold pieces.

Inventory:

Hand Weapons
 a - a +0 war axe (weapon)
Armour
 b - a +0 scale mail (worn)
 c - a +0 shield (worn)
Jewellery
 e - an amulet of regeneration (around neck)
 k - a +4 amulet of reflection
 o - a ring of wizardry (left hand)
Scrolls
 j - 2 scrolls of identify
 l - a scroll of fog
 m - a scroll of teleportation
 p - a scroll of amnesia {unknown}
Potions
 d - a potion of might
 g - 2 potions of flight {unknown}
 h - a potion of ambrosia {unknown}
 i - 2 potions of haste {unknown}
 n - a potion of heal wounds {unknown}
Comestibles
 f - 6 rations
 q - a chunk of flesh


   Skills:
 + Level 3.9 Fighting
 + Level 3.7 Axes
 + Level 3.4 Armour
 + Level 0.6 Dodging
 + Level 4.9 Shields


You had 4 spell levels left.
You didn't know any spells.
Your spell library was empty.

Dungeon Overview and Level Annotations

Branches:
Dungeon (4/15)
 Temple: D:4-7

Altars:

Annotations:
D:4 Menkaure


Innate Abilities, Weirdness & Mutations

You cannot be hasted, slowed, berserked, paralysed or teleported.
You can dig through walls and to a lower floor.
Your four strong arms can wield two-handed weapons with a shield.
You have a pair of large antennae on your head. (SInv)


Message History

Menkaure shouts!
There is a stone staircase leading up here.
Menkaure is nearby!
Found a stone staircase leading up.
Menkaure casts a spell.
Menkaure seems to speed up.
Menkaure closely misses you.
You hit Menkaure but do no damage.
Menkaure calls on the powers of darkness!
Your body is wracked with pain!
Menkaure hits you!
You are too injured to fight recklessly!
You are too injured to fight recklessly!
You are too injured to fight recklessly!
You barely miss Menkaure. You block Menkaure's attack. Menkaure hits you!
* * * LOW HITPOINT WARNING * * *
You slash Menkaure!
Menkaure is heavily damaged.
Menkaure sighs, "It doesn't hurt if you pull your brain out of your nose Menkaure hits you!
You die...

.. ..... .....
###########....
.............#
.............#
.............#
.......<.....#
..........@..#
...........M.#
.............#
#########.....#
+.....# #.....#
#.....# #....<#


You could see Menkaure.

Vanquished Creatures
  4 gnolls (D:2)
  An adder (D:3)
  A worm (D:2)
  2 dart slugs
  3 leopard geckos
  4 orcs (D:3)
  A ball python (D:2)
  6 bats
  4 giant cockroaches
  7 goblins
  9 hobgoblins
  7 jackals
  A quokka (D:2)
  3 frilled lizards
  7 kobolds
  9 rats
69 creatures vanquished.

Notes
Turn   | Place    | Note
-------+----------+-------------------------------------------
     0 | D:1      | Kairos the Formicid Fighter began the quest for the Orb.
     0 | D:1      | Reached XP level 1. HP: 18/18 MP: 1/1
   140 | D:1      | Reached skill level 4 in Shields
   140 | D:1      | Reached XP level 2. HP: 24/24 MP: 2/2
   293 | D:1      | Reached XP level 3. HP: 27/29 MP: 3/3
   967 | D:2      | Reached XP level 4. HP: 33/35 MP: 4/4
  1191 | D:2      | Reached XP level 5. HP: 41/42 MP: 5/5
  2148 | D:4      | Noticed Menkaure
  2153 | D:4      | HP: 1/42 [Menkaure (14)]
  2154 | D:4      | Mangled by Menkaure

Skill      XL: |  1  2  3 |
---------------+----------+-----
Shields        | 4 |  4.9
Axes           | 3 |  3.7
Fighting       | |  3.9
Armour         | |  3.4
Dodging        | |  0.6

Action                   |  1- 3 |  4- 6 || total
-------------------------+-------+-------++-------
Melee: War axe           |   111 |    96 ||   207
  Use: Scroll            |     4 |     4 ||     8
  Eat: Chunk             |       |     4 ||     4
Armor: Scale mail        |    47 |    30 ||    77
Dodge: Dodged            |    53 |    26 ||    79
Block: Shield            |    61 |    68 ||   129
